SNL (28 & UNDER)
KEY WEST BARRACUDAS @ BEAUMONT ROUGHNECKS
08/10/2029
 
TOP OF THE 1ST
Key West Barracudas batting - Pitching for Beaumont Roughnecks : LHP Manuel Santiago
Pitching: LHP Manuel Santiago
Batting: SHB Luis Manuel López 0-0: Foul Ball, location: 2F
0-1: Ball
1-1: DOUBLE (Line Drive, 8RD)
Batting: RHB Chris Adams 0-0: Ball
1-0: Ball
2-0: Foul Ball, location: 2F
2-1: Foul Ball, location: 2F
2-2: Ball
3-2: Base on Balls
Batting: LHB Domingo Ledesma 0-0: Ball
1-0: Called Strike
1-1: Swinging Strike
1-2: Ball
2-2: Strikes out looking
Batting: SHB Héctor Jiménez 0-0: Foul Ball, location: 2F
0-1: Ball
1-1: Swinging Strike
1-2: Strikes out looking
Batting: SHB Júlio Ayala 0-0: Ball
1-0: Called Strike
1-1: Foul Ball, location: 2F
1-2: Strikes out swinging
Top of the 1st over - 0 runs, 1 hit, 0 errors, 2 left on base; Key West 0 - Beaumont 0
BOTTOM OF THE 1ST
Beaumont Roughnecks batting - Pitching for Key West Barracudas : RHP Bob Schneider
Pitching: RHP Bob Schneider
Batting: RHB John James 0-0: TRIPLE (Flyball, 78XD)
Batting: RHB Darwin Crane 0-0: Ball
1-0: Swinging Strike
1-1: Ground out 5-3 (Groundball, 56)
John James scores
Batting: RHB Roger Rush 0-0: Called Strike
0-1: Foul Ball, location: 2F
0-2: Ball
1-2: Ball
2-2: Ball
3-2: Base on Balls
Batting: RHB Si-xun Li 0-0: Called Strike
0-1: Ball
1-1: Called Strike
1-2: Ball
Roger Rush steals 2nd base
2-2: Fly out, F6 (Popup, 56)
Batting: LHB Enrique Cruz 0-0: Foul Ball, location: 2F
0-1: Swinging Strike
0-2: Fly out, F2 (Popup, 23F)
Bottom of the 1st over - 1 run, 1 hit, 0 errors, 1 left on base; Key West 0 - Beaumont 1
TOP OF THE 2ND
Key West Barracudas batting - Pitching for Beaumont Roughnecks : LHP Manuel Santiago
Batting: LHB Motoki Hirata 0-0: Foul Ball, location: 2F
0-1: Foul Ball, location: 2F
0-2: Strikes out swinging
Batting: RHB Anastasio Zartuche 0-0: Fly out, F8 (Flyball, 8LD)
Batting: LHB Mauro Díaz 0-0: Swinging Strike
0-1: Called Strike
0-2: Foul Ball, location: 2F
0-2: Foul Ball, location: 2F
0-2: Ball
1-2: Ball
2-2: Ground out 4-3 (Groundball, 4)
Top of the 2nd over - 0 runs, 0 hits, 0 errors, 0 left on base; Key West 0 - Beaumont 1
BOTTOM OF THE 2ND
Beaumont Roughnecks batting - Pitching for Key West Barracudas : RHP Bob Schneider
Batting: SHB Walton Locke 0-0: Called Strike
0-1: Swinging Strike
0-2: Fly out, F8 (Flyball, 8RS)
Batting: RHB António Aguilar 0-0: Ball
1-0: Ball
2-0: Ball
3-0: Base on Balls
Batting: RHB Jeff Mason 0-0: SINGLE (Groundball, 6MD)
António Aguilar to second
Runner from 2nd tries for 3rd, SAFE, no throw
Batting: RHB Miguel Costa 0-0: Called Strike
0-1: TRIPLE (Line Drive, 9LD)
António Aguilar scores
Jeff Mason scores
Batting: RHB John James 0-0: Swinging Strike
0-1: Ball
1-1: Ground out 5-3 (Groundball, 5)
Pitching: RHP Sean Flynn
Batting: RHB Darwin Crane 0-0: Called Strike
0-1: Ball
1-1: Ball
2-1: Foul Ball, location: 2F
2-2: Foul Ball, location: 2F
2-2: Foul Ball, location: 2F
2-2: Ball
3-2: SINGLE (Groundball, 6MD)
Miguel Costa scores
Batting: RHB Roger Rush 0-0: Called Strike
Darwin Crane is caught stealing 2nd base
Bottom of the 2nd over - 3 runs, 3 hits, 0 errors, 0 left on base; Key West 0 - Beaumont 4
TOP OF THE 3RD
Key West Barracudas batting - Pitching for Beaumont Roughnecks : LHP Manuel Santiago
Batting: LHB Juan Lima 0-0: Called Strike
0-1: Called Strike
0-2: Foul Ball, location: 2F
0-2: Ball
1-2: Strikes out swinging
Batting: SHB Luis Manuel López 0-0: Foul Ball, location: 2F
0-1: Ball
1-1: Ball
2-1: Ball
3-1: Swinging Strike
3-2: Strikes out swinging
Batting: RHB Chris Adams 0-0: Ball
1-0: Ball
2-0: Ball
3-0: Called Strike
3-1: Base on Balls
Batting: LHB Domingo Ledesma 0-0: DOUBLE (Line Drive, 9LM)
Chris Adams to third
Batting: SHB Héctor Jiménez 0-0: Swinging Strike
0-1: Swinging Strike
0-2: Ball
1-2: Ball
2-2: Ground out 4-3 (Groundball, 4)
Top of the 3rd over - 0 runs, 1 hit, 0 errors, 2 left on base; Key West 0 - Beaumont 4
BOTTOM OF THE 3RD
Beaumont Roughnecks batting - Pitching for Key West Barracudas : RHP Sean Flynn
Batting: RHB Roger Rush 0-0: Ball
1-0: SINGLE (Groundball, 6MS) (infield hit)
Batting: RHB Si-xun Li 0-0: Ball
1-0: Swinging Strike
1-1: Called Strike
1-2: Foul Ball, location: 2F
1-2: Strikes out looking
Batting: LHB Enrique Cruz 0-0: Called Strike
0-1: Foul Ball, location: 2F
0-2: Strikes out swinging
Batting: SHB Walton Locke 0-0: Fly out, F7 (Flyball, 7D)
Bottom of the 3rd over - 0 runs, 1 hit, 0 errors, 1 left on base; Key West 0 - Beaumont 4
TOP OF THE 4TH
Key West Barracudas batting - Pitching for Beaumont Roughnecks : LHP Manuel Santiago
Batting: SHB Júlio Ayala 0-0: Ball
1-0: Ball
2-0: Foul Ball, location: 2F
2-1: Fly out, F8 (Flyball, 8RD)
Batting: LHB Motoki Hirata 0-0: Ball
1-0: Called Strike
1-1: Foul Ball, location: 2F
1-2: Strikes out swinging
Batting: RHB Anastasio Zartuche 0-0: Swinging Strike
0-1: Fly out, F5 (Line Drive, 56)
Top of the 4th over - 0 runs, 0 hits, 0 errors, 0 left on base; Key West 0 - Beaumont 4
BOTTOM OF THE 4TH
Beaumont Roughnecks batting - Pitching for Key West Barracudas : RHP Sean Flynn
Batting: RHB António Aguilar 0-0: Ball
1-0: Swinging Strike
1-1: Ball
2-1: SINGLE (Groundball, 34D)
Batting: RHB Jeff Mason 0-0: Ball
António Aguilar steals 2nd base
1-0: Called Strike
1-1: Swinging Strike
1-2: Ball
2-2: Fly out, F9 (Flyball, 89D)
Runner from 2nd tags up, SAFE at 3rd, no throw
Batting: RHB Miguel Costa 0-0: Ball
1-0: Ball
2-0: Foul Ball, location: 2F
2-1: Foul Ball, location: 2F
2-2: Strikes out swinging
Batting: RHB John James 0-0: Ball
1-0: Foul Ball, location: 2F
1-1: Ball
2-1: Ground out 6-3 (Groundball, 6)
Bottom of the 4th over - 0 runs, 1 hit, 0 errors, 1 left on base; Key West 0 - Beaumont 4
TOP OF THE 5TH
Key West Barracudas batting - Pitching for Beaumont Roughnecks : LHP Manuel Santiago
Batting: LHB Mauro Díaz 0-0: Ball
1-0: Called Strike
1-1: Swinging Strike
1-2: Foul Ball, location: 2F
1-2: Foul Ball, location: 2F
1-2: Ground out 5-3 (Groundball, 56)
Batting: LHB Juan Lima 0-0: Ball
1-0: Ball
2-0: Ball
3-0: Called Strike
3-1: Ground out 3-1 (Groundball, 34)
Batting: SHB Luis Manuel López 0-0: Ball
1-0: Ball
2-0: SINGLE (Flyball, 9LS)
Pitching: RHP Fernando Guzmán
Batting: RHB Chris Adams 0-0: Called Strike
0-1: Swinging Strike
0-2: Ball
1-2: Fly out, F8 (Flyball, 8RS)
Top of the 5th over - 0 runs, 1 hit, 0 errors, 1 left on base; Key West 0 - Beaumont 4
BOTTOM OF THE 5TH
Beaumont Roughnecks batting - Pitching for Key West Barracudas : RHP Sean Flynn
Batting: RHB Darwin Crane 0-0: Ball
1-0: Ground out 6-3 (Groundball, 6)
Batting: RHB Roger Rush 0-0: Ball
1-0: Fly out, F7 (Flyball, 7S)
Batting: RHB Si-xun Li 0-0: Fly out, F8 (Flyball, 8LD)
Bottom of the 5th over - 0 runs, 0 hits, 0 errors, 0 left on base; Key West 0 - Beaumont 4
TOP OF THE 6TH
Key West Barracudas batting - Pitching for Beaumont Roughnecks : RHP Fernando Guzmán
Batting: LHB Domingo Ledesma 0-0: Foul Ball, location: 2F
0-1: Called Strike
0-2: Ball
1-2: Strikes out swinging
Batting: SHB Héctor Jiménez 0-0: Swinging Strike
0-1: Ball
1-1: Fly out, F4 (Line Drive, 4M)
Batting: SHB Júlio Ayala 0-0: Ball
1-0: Ball
2-0: Foul Ball, location: 2F
2-1: Ball
3-1: Base on Balls
Batting: LHB Motoki Hirata 0-0: Called Strike
0-1: Called Strike
0-2: Foul Ball, location: 2F
0-2: Ball
1-2: Ball
2-2: Ball
3-2: Strikes out swinging
Top of the 6th over - 0 runs, 0 hits, 0 errors, 1 left on base; Key West 0 - Beaumont 4
BOTTOM OF THE 6TH
Beaumont Roughnecks batting - Pitching for Key West Barracudas : RHP Sean Flynn
Batting: LHB Enrique Cruz 0-0: SINGLE (Line Drive, 78S)
Batting: SHB Walton Locke 0-0: SINGLE (Groundball, 6MD)
Enrique Cruz to second
Batting: RHB António Aguilar 0-0: Called Strike
0-1: Fielders Choice at 2nd, 1-6 (Groundball, 13)
Enrique Cruz to third
Batting: RHB Jeff Mason 0-0: Swinging Strike
0-1: Swinging Strike
0-2: Ball
1-2: Fly out, F9 (Flyball, 9)
Runner from 3rd tags up, OUT at HOME
Bottom of the 6th over - 0 runs, 2 hits, 0 errors, 1 left on base; Key West 0 - Beaumont 4
TOP OF THE 7TH
Key West Barracudas batting - Pitching for Beaumont Roughnecks : RHP Fernando Guzmán
Batting: RHB Anastasio Zartuche 0-0: Foul Ball, location: 2F
0-1: Ball
1-1: Ball
2-1: Ground out 6-3 (Groundball, 6S)
Batting: LHB Mauro Díaz 0-0: Called Strike
0-1: Called Strike
0-2: Ball
1-2: Ball
2-2: Ball
3-2: SOLO HOME RUN (Flyball, 9D), Distance : 406 ft
Batting: LHB Juan Lima 0-0: Ball
1-0: Swinging Strike
1-1: Swinging Strike
1-2: Ball
2-2: Strikes out swinging
Batting: SHB Luis Manuel López 0-0: Ball
1-0: Called Strike
1-1: Swinging Strike
1-2: Strikes out swinging
Top of the 7th over - 1 run, 1 hit, 0 errors, 0 left on base; Key West 1 - Beaumont 4
BOTTOM OF THE 7TH
Beaumont Roughnecks batting - Pitching for Key West Barracudas : RHP Sean Flynn
Batting: RHB Miguel Costa 0-0: Ball
1-0: Fly out, F6 (Line Drive, 6)
Batting: RHB John James 0-0: Ball
1-0: SINGLE (Groundball, 6MS) (infield hit)
Pitching: RHP Gabe Lewis
Batting: RHB Darwin Crane 0-0: Ball
1-0: Ball
2-0: Called Strike
2-1: Foul Ball, location: 2F
2-2: Strikes out looking
Batting: RHB Roger Rush 0-0: Ball
1-0: Foul Ball, location: 2F
1-1: Ball
2-1: Ball
3-1: Base on Balls
John James to second
Batting: RHB Si-xun Li 0-0: Swinging Strike
0-1: Ball
1-1: Swinging Strike
1-2: Foul Ball, location: 2F
1-2: Strikes out swinging
Bottom of the 7th over - 0 runs, 1 hit, 0 errors, 2 left on base; Key West 1 - Beaumont 4
TOP OF THE 8TH
Key West Barracudas batting - Pitching for Beaumont Roughnecks : RHP Fernando Guzmán
Batting: RHB Chris Adams 0-0: Called Strike
0-1: Called Strike
0-2: Ball
1-2: Ball
2-2: Foul Ball, location: 2F
2-2: Foul Ball, location: 2F
2-2: Fly out, F9 (Line Drive, 89D)
Batting: LHB Domingo Ledesma 0-0: Ball
1-0: Called Strike
1-1: Foul Ball, location: 2F
1-2: Foul Ball, location: 2F
1-2: Ball
2-2: Foul Ball, location: 2F
2-2: Strikes out swinging
Batting: SHB Héctor Jiménez 0-0: Foul Ball, location: 2F
0-1: Foul Ball, location: 2F
0-2: Strikes out swinging
Top of the 8th over - 0 runs, 0 hits, 0 errors, 0 left on base; Key West 1 - Beaumont 4
BOTTOM OF THE 8TH
Beaumont Roughnecks batting - Pitching for Key West Barracudas : RHP Gabe Lewis
Batting: LHB Enrique Cruz 0-0: Called Strike
0-1: Foul Ball, location: 2F
0-2: Ball
1-2: Ball
2-2: Foul Ball, location: 2F
2-2: Strikes out swinging
Batting: SHB Walton Locke 0-0: Called Strike
0-1: Foul Ball, location: 2F
0-2: Ball
1-2: Ball
2-2: Foul Ball, location: 2F
2-2: TRIPLE (Flyball, 7LD)
Batting: RHB António Aguilar 0-0: Intentional Walk
Batting: RHB Jeff Mason 0-0: Ball
1-0: Foul Ball, location: 2F
1-1: Called Strike
1-2: Ground out 5-3 (Groundball, 56S)
António Aguilar to second
Batting: RHB Miguel Costa 0-0: Ball
1-0: Foul Ball, location: 2F
1-1: Swinging Strike
1-2: Strikes out swinging
Bottom of the 8th over - 0 runs, 1 hit, 0 errors, 2 left on base; Key West 1 - Beaumont 4
TOP OF THE 9TH
Key West Barracudas batting - Pitching for Beaumont Roughnecks : RHP Fernando Guzmán
Batting: SHB Júlio Ayala 0-0: Called Strike
0-1: Foul Ball, location: 2F
0-2: Ground out U3 (Groundball, 3)
Batting: LHB Motoki Hirata 0-0: Ball
1-0: Ball
2-0: Ball
3-0: Called Strike
3-1: Called Strike
3-2: Foul Ball, location: 2F
3-2: Strikes out swinging
Pitching: RHP Cliff Wolfe
Batting: RHB Anastasio Zartuche 0-0: Ball
1-0: Ball
2-0: Ball
3-0: Called Strike
3-1: SINGLE (Line Drive, 8LS)
Batting: LHB Mauro Díaz 0-0: Called Strike
0-1: Swinging Strike
0-2: Ball
1-2: DOUBLE (Flyball, 78D)
Anastasio Zartuche to third
Batting: LHB Juan Lima 0-0: Foul Ball, location: 2F
0-1: Ball
1-1: 3-RUN HOME RUN (Flyball, 89XD), Distance : 420 ft
Pitching: RHP Ralph Miller
Pinch Hitting: SHB Eric Pimentel 0-0: Called Strike
0-1: Ball
1-1: Fly out, F8 (Line Drive, 8LD)
Top of the 9th over - 3 runs, 3 hits, 0 errors, 0 left on base; Key West 4 - Beaumont 4
BOTTOM OF THE 9TH
Beaumont Roughnecks batting - Pitching for Key West Barracudas : RHP Gabe Lewis
Pitching: RHP Gerald Núñez
Now at SS: Rodney Birling
Batting: RHB John James 0-0: Ground out 6-3 (Groundball, 6)
Batting: RHB Darwin Crane 0-0: Called Strike
0-1: Swinging Strike
0-2: Foul Ball, location: 2F
0-2: Ball
1-2: Foul Ball, location: 2F
1-2: Strikes out swinging
Batting: RHB Roger Rush 0-0: Ball
1-0: Called Strike
1-1: Ball
2-1: Ball
3-1: Swinging Strike
3-2: Foul Ball, location: 2F
3-2: Ground out 5-3 (Groundball, 56)
Bottom of the 9th over - 0 runs, 0 hits, 0 errors, 0 left on base; Key West 4 - Beaumont 4
TOP OF THE 10TH
Key West Barracudas batting - Pitching for Beaumont Roughnecks : RHP Ralph Miller
Batting: RHB Chris Adams 0-0: Ball
1-0: Called Strike
1-1: Swinging Strike
1-2: Strikes out looking
Batting: LHB Domingo Ledesma 0-0: Ground out 4-3 (Groundball, 4M)
Batting: SHB Héctor Jiménez 0-0: Ball
1-0: Ball
2-0: Foul Ball, location: 2F
2-1: Fly out, F8 (Flyball, 8LD)
Top of the 10th over - 0 runs, 0 hits, 0 errors, 0 left on base; Key West 4 - Beaumont 4
BOTTOM OF THE 10TH
Beaumont Roughnecks batting - Pitching for Key West Barracudas : RHP Gerald Núñez
Batting: RHB Si-xun Li 0-0: Ball
1-0: Fly out, F9 (Flyball, 9S)
Batting: LHB Enrique Cruz 0-0: Ball
1-0: Ball
2-0: Foul Ball, location: 2F
2-1: SINGLE (Flyball, 78S)
Batting: SHB Walton Locke 0-0: Ball
1-0: Foul Ball, location: 2F
1-1: Fielders Choice at 2nd, 6-4 (Groundball, 6)
Batting: RHB António Aguilar 0-0: Called Strike
Throwing error on steal attempt, E2
Walton Locke to third
0-1: Ball
1-1: Ball
2-1: Foul Ball, location: 2F
2-2: Ball
3-2: Base on Balls
Batting: RHB Jeff Mason 0-0: Called Strike
0-1: Ball
1-1: Ball
2-1: Called Strike
2-2: Ball
3-2: Base on Balls
António Aguilar to second
Batting: RHB Miguel Costa 0-0: Ball
1-0: Ball
2-0: Foul Ball, location: 2F
2-1: Foul Ball, location: 2F
2-2: Strikes out swinging
Bottom of the 10th over - 0 runs, 1 hit, 1 error, 3 left on base; Key West 4 - Beaumont 4
TOP OF THE 11TH
Key West Barracudas batting - Pitching for Beaumont Roughnecks : RHP Ralph Miller
Batting: SHB Júlio Ayala 0-0: Ball
1-0: Ball
2-0: Swinging Strike
2-1: Swinging Strike
2-2: SINGLE (Line Drive, 56D)
Pinch Runner at 1st Rob DeWitt:
Batting: LHB Motoki Hirata 0-0: Called Strike
Rob DeWitt steals 2nd base
0-1: Fly out, F7 (Line Drive, 78D)
Batting: RHB Anastasio Zartuche 0-0: Ball
1-0: Called Strike
1-1: Ground out 6-3 (Groundball, 6MS)
Rob DeWitt to third
Batting: LHB Mauro Díaz 0-0: Ball
1-0: Ball
2-0: Ground out 4-3 (Groundball, 34D)
Top of the 11th over - 0 runs, 1 hit, 0 errors, 1 left on base; Key West 4 - Beaumont 4
BOTTOM OF THE 11TH
Beaumont Roughnecks batting - Pitching for Key West Barracudas : RHP Gerald Núñez
Pitching: RHP Ed Calhoun
Now in LF: Rob DeWitt
Batting: RHB John James 0-0: Called Strike
0-1: Foul Ball, location: 2F
0-2: SINGLE (Groundball, 6MD)
Batting: RHB Darwin Crane 0-0: Ball
1-0: Ball
2-0: Ball
3-0: Called Strike
3-1: SINGLE (Groundball, 6MD)
John James to second
Batting: RHB Roger Rush 0-0: Ball
1-0: Ball
2-0: Foul Ball, location: 2F
2-1: Swinging Strike
2-2: Foul Ball, location: 2F
2-2: Foul Ball, location: 2F
2-2: Foul Ball, location: 2F
2-2: Fly out, F8 (Flyball, 78M)
Batting: RHB Si-xun Li 0-0: Ball
1-0: Ball
2-0: Ball
3-0: Called Strike
3-1: Grounds into double play, 6-4-3 (Groundball, 6)
Bottom of the 11th over - 0 runs, 2 hits, 0 errors, 1 left on base; Key West 4 - Beaumont 4
TOP OF THE 12TH
Key West Barracudas batting - Pitching for Beaumont Roughnecks : RHP Ralph Miller
Pitching: LHP Mark De Jesús
Batting: LHB Juan Lima 0-0: Called Strike
0-1: Ball
1-1: Called Strike
1-2: Ball
2-2: Fly out, F7 (Flyball, 7S)
Pinch Hitting: RHB Domingo Hernández 0-0: Ball
1-0: Ball
2-0: Called Strike
2-1: Foul Ball, location: 2F
2-2: Strikes out swinging
Batting: RHB Chris Adams 0-0: Called Strike
0-1: Ball
1-1: Called Strike
1-2: Hit by Pitch
Batting: LHB Domingo Ledesma 0-0: Ball
1-0: Called Strike
Chris Adams steals 2nd base
1-1: Called Strike
1-2: Ball
2-2: Ball
3-2: Strikes out swinging
Top of the 12th over - 0 runs, 0 hits, 0 errors, 1 left on base; Key West 4 - Beaumont 4
BOTTOM OF THE 12TH
Beaumont Roughnecks batting - Pitching for Key West Barracudas : RHP Ed Calhoun
Now at 3B: John Smith
Batting: LHB Enrique Cruz 0-0: Called Strike
0-1: Ball
1-1: Ball
2-1: Foul Ball, location: 2F
2-2: Strikes out swinging
Batting: SHB Walton Locke 0-0: Ball
1-0: Swinging Strike
1-1: Ground out U3 (Groundball, 34S)
Batting: RHB António Aguilar 0-0: Fly out, F9 (Line Drive, 89M)
Bottom of the 12th over - 0 runs, 0 hits, 0 errors, 0 left on base; Key West 4 - Beaumont 4
TOP OF THE 13TH
Key West Barracudas batting - Pitching for Beaumont Roughnecks : LHP Mark De Jesús
Batting: SHB Héctor Jiménez 0-0: Called Strike
0-1: Ball
1-1: SINGLE (Line Drive, 9LS)
Pinch Runner at 1st Jorge Hernández:
Batting: RHB Rob DeWitt 0-0: Ball
1-0: Foul Ball, location: 2F
1-1: Ball
Jorge Hernández is caught stealing 2nd base
2-1: Ground out 6-3 (Groundball, 6M)
Pinch Hitting: RHB Wilson Metherall 0-0: Ball
1-0: Foul Ball, location: 2F
1-1: Swinging Strike
1-2: Ground out 5-3 (Groundball, 56)
Top of the 13th over - 0 runs, 1 hit, 0 errors, 0 left on base; Key West 4 - Beaumont 4
BOTTOM OF THE 13TH
Beaumont Roughnecks batting - Pitching for Key West Barracudas : RHP Ed Calhoun
Now at 2B: Wilson Metherall
Now in CF: Jorge Hernández
Batting: RHB Jeff Mason 0-0: Ball
1-0: Called Strike
1-1: Foul Ball, location: 2F
1-2: Foul Ball, location: 2F
1-2: Strikes out swinging
Batting: RHB Miguel Costa 0-0: Called Strike
0-1: Foul Ball, location: 2F
0-2: Foul Ball, location: 2F
0-2: Ball
1-2: Ball
2-2: Fly out, F7 (Flyball, 7)
Batting: RHB John James 0-0: SINGLE (Groundball, 56D)
Batting: RHB Darwin Crane 0-0: Called Strike
0-1: Ball
1-1: Foul Ball, location: 2F
1-2: Ball
2-2: Foul Ball, location: 2F
2-2: Foul Ball, location: 2F
2-2: Ball
John James steals 2nd base
3-2: Strikes out swinging
Bottom of the 13th over - 0 runs, 1 hit, 0 errors, 1 left on base; Key West 4 - Beaumont 4
TOP OF THE 14TH
Key West Barracudas batting - Pitching for Beaumont Roughnecks : LHP Mark De Jesús
Pitching: RHP Carlos Sánchez
Batting: RHB Anastasio Zartuche 0-0: Ball
1-0: Called Strike
1-1: Swinging Strike
1-2: Ball
2-2: Strikes out looking
Batting: LHB Mauro Díaz 0-0: Ball
1-0: Ball
2-0: Ball
3-0: Foul Ball, location: 2F
3-1: Base on Balls
Pinch Runner at 1st Cris Lugo:
Batting: LHB Juan Lima 0-0: Ball
1-0: Foul Ball, location: 2F
1-1: Called Strike
1-2: Ball
2-2: Ground out 4-3 (Groundball, 34)
Cris Lugo to second
Batting: RHB John Smith 0-0: Ball
1-0: SINGLE (Line Drive, 6)
Cris Lugo to third
Runner from 3rd tries for Home, SAFE, throw made home
Batting: RHB Chris Adams 0-0: Ball
1-0: Swinging Strike
1-1: Foul Ball, location: 2F
1-2: Foul Ball, location: 2F
1-2: Foul Ball, location: 2F
1-2: Foul Ball, location: 2F
1-2: Strikes out swinging
Top of the 14th over - 1 run, 1 hit, 0 errors, 1 left on base; Key West 5 - Beaumont 4
BOTTOM OF THE 14TH
Beaumont Roughnecks batting - Pitching for Key West Barracudas : RHP Ed Calhoun
Now at 1B: Cris Lugo
Batting: RHB Roger Rush 0-0: Called Strike
0-1: Swinging Strike
0-2: Ball
1-2: Ball
2-2: Foul Ball, location: 2F
2-2: Fly out, F4 (Popup, 4)
Batting: RHB Si-xun Li 0-0: Called Strike
0-1: Ball
1-1: Foul Ball, location: 2F
1-2: Fly out, F9 (Flyball, 9D)
Batting: LHB Enrique Cruz 0-0: Ball
1-0: Ball
2-0: Ball
3-0: Called Strike
3-1: Foul Ball, location: 2F
3-2: Base on Balls
Batting: SHB Walton Locke 0-0: SINGLE (Groundball, 34D)
Enrique Cruz to second
Runner from 2nd tries for 3rd, SAFE, no throw
Batting: RHB António Aguilar 0-0: Foul Ball, location: 2F
0-1: Ball
1-1: SINGLE (Line Drive, 8LS)
Enrique Cruz scores
Walton Locke to second
Runner from 2nd tries for 3rd, SAFE, no throw
Batting: RHB Jeff Mason 0-0: Called Strike
0-1: Swinging Strike
0-2: Strikes out swinging
Bottom of the 14th over - 1 run, 2 hits, 0 errors, 2 left on base; Key West 5 - Beaumont 5
TOP OF THE 15TH
Key West Barracudas batting - Pitching for Beaumont Roughnecks : RHP Carlos Sánchez
Batting: LHB Domingo Ledesma 0-0: Ball
1-0: Ball
2-0: Ball
3-0: Base on Balls
Batting: RHB Jorge Hernández 0-0: Ball
1-0: Foul Ball, location: 2F
1-1: Ball
2-1: Called Strike
2-2: Strikes out swinging
Batting: RHB Rob DeWitt 0-0: Swinging Strike
0-1: Ball
1-1: Called Strike
1-2: Ball
2-2: Ball
3-2: Fielders Choice at 2nd, 1-6 (Groundball, 13)
Batting: RHB Wilson Metherall 0-0: Ball
Rob DeWitt is caught stealing 2nd base
Top of the 15th over - 0 runs, 0 hits, 0 errors, 0 left on base; Key West 5 - Beaumont 5
BOTTOM OF THE 15TH
Beaumont Roughnecks batting - Pitching for Key West Barracudas : RHP Ed Calhoun
Batting: RHB Miguel Costa 0-0: Ball
1-0: Ball
2-0: Swinging Strike
2-1: SINGLE (Groundball, 6MD)
Pitching: RHP José Cuellar
Batting: RHB John James 0-0: Bunted foul
0-1: Ball
1-1: Bunted foul
1-2: Ball
2-2: DOUBLE (Line Drive, 7D)
Miguel Costa to third
Runner from 3rd tries for Home, SAFE, no throw
Saturday, December 16th, 2017 - OOTP Baseball 18.8 Build 76